 Dungeon Sprint DCSS version 0.31-b1-22-gc680215f68 (webtiles) character file.

Game seed: 12551920280279461738

71059 Heoruswealwe the Minotaur Porcupine (level 14, -1/151 HPs)
             Began as a Minotaur Fighter on Jan 18, 2024.
             Was an Initiate of Gozag.
             Slain by a green draconian monk (2 damage)
             ... in the Dungeon (Sprint IX: "|||||||||||||||||||||||||||||") on Jan 19, 2024.
             The game lasted 00:55:53 (5546 turns).

Heoruswealwe the Minotaur Porcupine (MiFi)          Turns: 5546, Time: 00:55:55

Health: -1/151     AC: 54    Str: 32    XL:     14   Next: 96%
Magic:  19/23      EV: 14    Int: 10    God:    Gozag
Gold:   4363       SH:  0    Dex: 11    Spells: 13/13 levels left

rFire   . . .        b - +0 bardiche (protect)
rCold   + . .        (shield currently unavailable)
rNeg    + . .        c - +15 Maxwell's patent armour {-Cast -Tele rElec Will+ rCorr}
rPois   +            g - +3 hat of Pondering {ponderous, Will+ MP+10 Int+5}
rElec   +            h - +2 cloak {Will+}
rCorr   +            f - +0 pair of gloves {Str+3}
SInv    .            e - +0 pair of boots
Will    +++++        i - amulet of regeneration Stlth
                     k - ring of the Merwolf {rN+ Will+ Str+4}
HPRegen 0.00/turn    j - ring of Mirin {rElec rPois rC+ rCorr}
MPRegen 0.18/turn

%: no teleportation, no spellcasting
@: mighty, gold aura, under a protective aura, inhibited regen, slow
A: horns 2, retaliatory headbutt, frail 1, inhibited regeneration, inability to
drink after injury 1, devolution 1, persistent drain
a: Renounce Religion, Potion Petition, Call Merchant, Bribe Branch


You were in the Dungeon.
You worshipped Gozag.
Gozag was most pleased with you.
You visited 1 branch You collected 19054 gold pieces.
You spent 10831 gold pieces at shops.
You paid 3860 gold pieces to Gozag.

Inventory:

Hand Weapons
 a - a +0 vampiric demon trident
 b - a +0 bardiche of protection (weapon)
 Z - the +10 morningstar "Eos" {elec, Halo rElec}
   (You bought it in a shop in the Dungeon)

   Halo:      It grants its wielder a halo, revealing invisible creatures and
   increasing accuracy against all within it other than the wielder.
   rElec:     It insulates you from electricity.
Armour
 c - the +15 Maxwell's patent armour (worn) {-Cast -Tele rElec Will+ rCorr}
   (You bought it in a shop in the Dungeon)

   rElec:     It insulates you from electricity.
   Will+:     It increases your willpower.
   -Cast:     It prevents spellcasting.
   -Tele:     It prevents most forms of teleportation.
   rCorr:     It protects you from acid and corrosion.
 d - a +0 buckler
 e - a +0 pair of boots (worn)
 f - a +0 pair of gloves of strength (worn)
 g - the +3 hat of Pondering (worn) {ponderous, Will+ MP+10 Int+5}
   (You bought it in a shop in the Dungeon)

   Int+5:     It affects your intelligence (+5).
   Will+:     It increases your willpower.
   MP+10:     It affects your magic capacity (+10).
 h - a +2 cloak of willpower (worn)
 A - the +5 robe of Night {Dark Will+ SInv}
   (You bought it in a shop in the Dungeon)

   Dark:      It shrouds the wearer in darkness, reducing the range at which
   they can see and be seen by others.
   Will+:     It increases your willpower.
   SInv:      It lets you see invisible.
Jewellery
 i - an amulet of regeneration (around neck)
 j - the ring of Mirin (right hand) {rElec rPois rC+ rCorr}
   (You bought it in a shop in the Dungeon)

   [ring of resist corrosion]

   rC+:       It protects you from cold.
   rElec:     It insulates you from electricity.
   rPois:     It protects you from poison rCorr: It protects you from acid and
   corrosion.
 k - the ring of the Merwolf (left hand) {rN+ Will+ Str+4}
   (You bought it in a shop in the Dungeon)

   [ring of positive energy]

   Str+4:     It affects your strength (+4).
   rN+:       It protects you from negative energy.
   Will+:     It increases your willpower.
Wands
 n - a wand of acid (17)
 o - a wand of paralysis (5)
 v - a wand of flame (9)
Scrolls
 m - 5 scrolls of enchant armour
 q - 2 scrolls of identify
 r - 3 scrolls of blinking
Potions
 l - 2 potions of berserk rage
 p - a potion of haste
 s - 2 potions of curing
 t - a potion of might
 w - 2 potions of mutation
Miscellaneous
 u - a condenser vane


   Skills:
 O Level 27 Fighting
 O Level 27 Polearms
 + Level 25.2 Armour
 + Level 14.0 Dodging
 + Level 15.7 Shields
 + Level 12.0 Evocations


You had 13 spell levels left.
You didn't know any spells.
Your spell library was empty.

Dungeon Overview and Level Annotations

Branches:
Dungeon (1/1)

Altars:
Cheibriados
Dithmenos
Elyvilon
Fedhas
Gozag
Hepliaklqana
Kikubaaqudgha
Makhleb
Nemelex Xobeh
Okawaru
Qazlal
Ru
Sif Muna
Trog
Uskayaw
Vehumet
Wu Jian
Xom
Yredelemnul
Zin
The Shining One
Jiyva
Lugonu

Shops:
D !([=(*(**


Innate Abilities, Weirdness & Mutations

You have a pair of horns on your head.
You reflexively headbutt those who attack you in melee.
You are frail. (-10% HP)
You do not regenerate when monsters are visible.
You occasionally lose the ability to drink potions when taking damage.
You have hidden genetic defects.
Your health recovers twice as slowly from being drained.


Message History

You have mastered Fighting!
Your Armour skill increases to level 25!
Your Dodging skill increases to level 14!
Your Shields skill increases to level 15!
Your Evocations skill increases to level 12!
Your extra speed is starting to run out.
The vault guard is no longer unusually resistant.
You open the green draconian monk like a pillowcase!!!
Your headbutt misses the green draconian monk.
The green draconian monk is heavily wounded.
You recover from your berserk rage.
You closely miss the green draconian monk.
Your headbutt misses the green draconian monk.
The green draconian monk is heavily wounded.
The green draconian monk misses you.
The green draconian monk kicks you but does no damage.
The green draconian monk closely misses you.
The green draconian monk tail-slaps you but does no damage.
You miss the green draconian monk.
The green draconian monk is heavily wounded.
You feel yourself slow down.
The vault guard hits you from afar with a +1 bardiche of freezing!!
* * * LOW HITPOINT WARNING * * *
The vault guard freezes you!
* * * LOW HITPOINT WARNING * * *
You feel much better. The vault guard closely misses you.
The green draconian monk slips past you!
The green draconian monk hits you.
* * * LOW HITPOINT WARNING * * *
The green draconian monk kicks you.
* * * LOW HITPOINT WARNING * * *
The green draconian monk tail-slaps you but does no damage. x2
The vault guard closely misses you.
You slash the green draconian monk! You headbutt the green draconian monk.
The green draconian monk is severely wounded.
The green draconian monk hits you!!
* * * LOW HITPOINT WARNING * * *
The green draconian monk kicks you.
You die...
Your body crumbles into a pile of gold.

.▓.▓[▓.▓[▓.▓.▓.▓.▓
.▓.▓.▓.▓[▓.▓.▓.▓.▓
.▓.▓.▓.▓[▓.▓.▓.▓.▓
.▓.▓.▓[▓[▓.▓.▓.▓.▓
'▓.▓.▓.▓[▓.▓.▓.▓.▓
.▓.▓.▓.▓.▓.▓.▓.▓.▓
.▓.▓.▓.▓?▓.▓.▓.▓.▓
.▓.▓.▓.▓.▓.▓)▓.▓q▓
.▓.▓.▓.▓.▓.▓'▓.▓@▓
.▓.▓.▓.▓.▓.▓.▓.▓$▓
.▓.▓.▓.▓.▓.▓.▓.▓p▓
.▓.▓.▓.▓.▓.▓.▓.▓p▓
.▓.▓.▓.▓.▓.▓.▓.▓p▓
.▓.▓)▓.▓.▓.▓.▓)▓.▓
'▓.▓[▓.▓.▓.▓.▓.▓.▓
.▓.▓.▓.▓'▓.▓.▓.▓.▓
.▓.▓.▓.▓[▓.▓.▓.▓.▓


You could see a green draconian monk (strong, agile, resistant), a vault guard
(berserk, agile), an ironbound convoker and a necromancer (agile).

Vanquished Creatures
  Mnoleg (D)
  A royal mummy (D)
  A lich (D)
  A deep elf blademaster (D)
  Gastronok (D)
  Agnes (D)
  2 frost giants (D)
  2 vault wardens (D)
  3 ironbound preservers (D)
  2 very ugly things (D)
  2 stone giants (D)
  2 vampire knights (D)
  A deep elf demonologist (D)
  An eleionoma (D)
  2 dire elephants (D)
  A great orb of eyes (D)
  Harold (D)
  4 rakshasas (D)
  2 ice dragons (D)
  4 ogre magi (D)
  A spriggan air mage (D)
  2 hydras (D)
  An anaconda (D)
  An alligator (D)
  7 two-headed ogres (D)
  A centaur warrior (D)
  An ironbound frostheart (D)
  3 deep troll shamans (D)
  4 deep troll earth magi (D)
  A death yak (D)
  A shock serpent (D)
  Urug (D)
  Nergalle (D)
  A salamander mystic (D)
  A spriggan (D)
  2 pharaoh ants (D)
  3 sea snakes (D)
  A sun moth (D)
  An orb spider (D)
  A naga ritualist (D)
  A steelbarb worm (D)
  A lindwurm (D)
  A swamp dragon (D)
  A harpy (D)
  3 ironbound convokers (D)
  An orc knight (D)
  A will-o-the-wisp (D)
  Maurice (D)
  An ugly thing (D)
  A wolf spider (D)
  A manticore (D)
  6 elephants (D)
  A slime creature (D)
  6 cyclopes (D)
  A moth of wrath (D)
  A merfolk siren (D)
  A black mamba (D)
  2 guardian serpents (D)
  2 torpor snails (D)
  A naga mage (D)
  A vault sentinel (D)
  5 cane toads (D)
  A rime drake (D)
  2 komodo dragons (D)
  A tengu conjurer (D)
  A guardian mummy (D)
  A tyrant leech (D)
  A merfolk (D)
  A hellwing (D)
  A polar bear (D)
  2 wind drakes (D)
  A tarantella (D)
  2 hornets (D)
  A jumping spider (D)
  A shadow (D)
  A wraith (D)
  3 yaks (D)
  A wyvern (D)
  Eustachio (D)
  2 vampire mosquitoes (D)
  A naga (D)
  4 water moccasins (D)
  9 orc warriors (D)
  A laughing skull (D)
  4 ogres (D)
  A weeping skull (D)
  A kobold brigand (D)
  A scorpion (D)
  An orc priest (D)
  A bombardier beetle (D)
  A gnoll bouda (D)
  3 orc wizards (D)
  An adder (D)
  A dart slug (D)
  A ribbon worm (D)
  12 orcs (D)
  2 endoplasms (D)
  A goblin (D)
  A rat (D)
181 creatures vanquished.

Vanquished Creatures (others)
  An unseen horror (shapeshifter) (D)
1 creature vanquished.

Grand Total: 182 creatures vanquished

Notes
Turn   | Place    | Note
-------+----------+-------------------------------------------
     0 | D        | Heoruswealwe the Minotaur Fighter began the quest for the
                  | Orb.
     0 | D        | Reached XP level 1. HP: 19/19 MP: 0/0
    20 | D        | Noticed a bombardier beetle
    20 | D        | Noticed a scorpion
    22 | D        | Reached XP level 2. HP: 28/28 MP: 1/1
    31 | D        | Reached skill level 5 in Polearms
    33 | D        | Killed a bombardier beetle
    34 | D        | Reached skill level 5 in Fighting
    34 | D        | Reached skill level 5 in Armour
    34 | D        | Reached XP level 3. HP: 32/36 MP: 2/2
    47 | D        | Killed a scorpion
    48 | D        | Reached XP level 4. HP: 42/45 MP: 3/3
    54 | D        | Found a snail-covered altar of Cheibriados.
    54 | D        | Found a shadowy altar of Dithmenos.
    54 | D        | Found a white marble altar of Elyvilon.
    54 | D        | Found a blossoming altar of Fedhas.
    54 | D        | Found an opulent altar of Gozag.
    55 | D        | Found a hazy altar of Hepliaklqana.
    56 | D        | Found a viscous altar of Jiyva.
    57 | D        | Found an ancient bone altar of Kikubaaqudgha.
    58 | D        | Found a corrupted altar of Lugonu.
    59 | D        | Found a burning altar of Makhleb.
    60 | D        | Found a sparkling altar of Nemelex Xobeh.
    61 | D        | Found an iron altar of Okawaru.
    62 | D        | Became a worshipper of Gozag Ym Sagoz the Greedy
    63 | D        | Found a stormy altar of Qazlal.
    64 | D        | Found a sacrificial altar of Ru.
    65 | D        | Found a shimmering blue altar of Sif Muna.
    66 | D        | Found a bloodstained altar of Trog.
    67 | D        | Found a hide-covered altar of Uskayaw.
    68 | D        | Found a radiant altar of Vehumet.
    69 | D        | Found an ornate altar of the Wu Jian Council.
    70 | D        | Found a shimmering altar of Xom.
    71 | D        | Found a basalt altar of Yredelemnul.
    72 | D        | Found a glowing silver altar of Zin.
    73 | D        | Found a glowing golden altar of the Shining One.
   129 | D        | Noticed a shadow
   129 | D        | Noticed a hornet
   129 | D        | Noticed a two-headed ogre
   129 | D        | Noticed a wyvern
   129 | D        | Noticed a kobold brigand
   143 | D        | Killed a two-headed ogre
   144 | D        | Reached skill level 10 in Fighting
   144 | D        | Reached skill level 10 in Armour
   144 | D        | Reached XP level 5. HP: 50/59 MP: 4/4
   144 | D        | Reached XP level 6. HP: 57/67 MP: 5/5
   144 | D        | Reached XP level 7. HP: 62/73 MP: 6/6
   146 | D        | Killed a shadow
   152 | D        | Killed a hornet
   153 | D        | Reached XP level 8. HP: 39/82 MP: 7/7
   159 | D        | Reached skill level 15 in Polearms
   317 | D        | Noticed a cyclops
   317 | D        | Noticed a cyclops
   317 | D        | Noticed a centaur warrior
   321 | D        | Killed a cyclops
   337 | D        | Killed a cyclops
   338 | D        | Reached XP level 9. HP: 22/92 MP: 8/8
   338 | D        | Killed a centaur warrior
   584 | D        | Noticed Harold
   597 | D        | Killed Harold
   735 | D        | Noticed a cane toad
   735 | D        | Noticed a cane toad
   735 | D        | Noticed a torpor snail
   737 | D        | Killed a cane toad
   739 | D        | Killed a cane toad
   740 | D        | Reached XP level 10. HP: 74/104 MP: 9/9
   740 | D        | Noticed a cane toad
   742 | D        | Reached skill level 15 in Fighting
   743 | D        | Noticed a cane toad
   754 | D        | Killed a torpor snail
   768 | D        | Reached skill level 15 in Armour
   772 | D        | Killed a cane toad
   776 | D        | Killed a cane toad
   988 | D        | Noticed a death yak
   992 | D        | Noticed a cane toad
  1004 | D        | Killed a death yak
  1028 | D        | Killed a cane toad
  1273 | D        | Noticed an elephant
  1273 | D        | Noticed a dire elephant
  1273 | D        | Noticed an elephant
  1273 | D        | Noticed an elephant
  1273 | D        | Noticed an elephant
  1273 | D        | Noticed an elephant
  1274 | D        | Noticed an elephant
  1276 | D        | Noticed a dire elephant
  1279 | D        | Killed a dire elephant
  1280 | D        | Reached XP level 11. HP: 77/121 MP: 10/10
  1637 | D        | Killed a dire elephant
  2007 | D        | Noticed an orc knight
  2029 | D        | Killed an orc knight
  2317 | D        | Found Ges Kau's Distillery.
  2317 | D        | Noticed an ogre mage
  2317 | D        | Noticed an ogre mage
  2317 | D        | Noticed a two-headed ogre
  2317 | D        | Noticed a two-headed ogre
  2317 | D        | Noticed an ogre mage
  2317 | D        | Noticed a two-headed ogre
  2319 | D        | Noticed a two-headed ogre
  2320 | D        | Killed an ogre mage
  2323 | D        | Paralysed by something for 4 turns
  2325 | D        | Killed an ogre mage
  2330 | D        | Killed a two-headed ogre
  2333 | D        | Killed a two-headed ogre
  2344 | D        | Killed an ogre mage
  2345 | D        | Reached XP level 12. HP: 61/136 MP: 11/11
  2348 | D        | Killed a two-headed ogre
  2353 | D        | Killed a two-headed ogre
  2591 | D        | Found Pacimuh's Weapon Shoppe.
  2595 | D        | Found Diaqaip's Antique Armour Emporium.
  2616 | D        | Found Yrotzoff's Jewellery Shoppe.
  2618 | D        | Noticed a two-headed ogre
  2632 | D        | Killed a two-headed ogre
  2654 | D        | Noticed a two-headed ogre
  2666 | D        | Killed a two-headed ogre
  2738 | D        | Bought the +15 Maxwell's patent armour {-Cast -Tele rElec
                  | Will+ rCorr} for 2128 gold pieces
  2738 | D        | Found the +15 Maxwell's patent armour {-Cast -Tele rElec
                  | Will+ rCorr}
  2738 | D        | Bought the +3 hat of Pondering {ponderous, Will+ MP+10
                  | Int+5} for 762 gold pieces
  2738 | D        | Found the +3 hat of Pondering {ponderous, Will+ MP+10
                  | Int+5}
  2740 | D        | Bought the ring of the Merwolf {rN+ Will+ Str+4} for 410
                  | gold pieces
  2740 | D        | Bought the ring of Mirin {rElec rPois rC+ rCorr} for 452
                  | gold pieces
  2746 | D        | Bought a potion of curing for 36 gold pieces
  2746 | D        | Bought a potion of heal wounds for 60 gold pieces
  2746 | D        | Bought a potion of attraction for 36 gold pieces
  2746 | D        | Bought a potion of curing for 36 gold pieces
  2746 | D        | Bought 2 potions of lignification for 72 gold pieces
  2746 | D        | Bought a potion of curing for 36 gold pieces
  2746 | D        | Bought a potion of haste for 120 gold pieces
  2857 | D        | Bought a wand of paralysis (5) for 192 gold pieces
  2857 | D        | Bought a scroll of identify for 32 gold pieces
  2857 | D        | Bought a +0 pair of gloves of strength for 184 gold pieces
  2906 | D        | Bought a scroll of enchant armour for 97 gold pieces
  2906 | D        | Bought a potion of might for 52 gold pieces
  2906 | D        | Bought a potion of might for 52 gold pieces
  2909 | D        | Bought a condenser vane for 1080 gold pieces
  2909 | D        | Bought a scroll labelled BUPLIRUS VIMN for 27 gold pieces
  2909 | D        | Bought a scroll of identify for 54 gold pieces
  2909 | D        | Bought an embroidered cloak for 202 gold pieces
  3002 | D        | Noticed Urug
  3009 | D        | Killed Urug
  3031 | D        | Noticed Eustachio
  3040 | D        | Killed Eustachio
  3063 | D        | Noticed Gastronok
  3077 | D        | Killed Gastronok
  3214 | D        | Noticed an ogre mage
  3222 | D        | Killed an ogre mage
  3226 | D        | Noticed a vampire knight
  3229 | D        | Noticed an ice dragon
  3237 | D        | Noticed a rakshasa
  3241 | D        | Noticed a deep troll earth mage
  3242 | D        | Killed a vampire knight
  3254 | D        | Killed an ice dragon
  3255 | D        | Reached skill level 27 in Polearms
  3265 | D        | Noticed a deep troll earth mage
  3268 | D        | Noticed a deep troll earth mage
  3269 | D        | Killed a deep troll earth mage
  3276 | D        | Killed a rakshasa
  3279 | D        | Killed a deep troll earth mage
  3296 | D        | Noticed an ice dragon
  3306 | D        | Killed an ice dragon
  3596 | D        | Noticed Nergalle
  3602 | D        | Killed Nergalle
  3603 | D        | Reached XP level 13. HP: 148/148 MP: 12/12
  3644 | D        | Upgraded the game from 0.31-b1-19-g70c676f13a to
                  | 0.31-b1-22-gc680215f68
  3648 | D        | Reached skill level 1 in Dodging
  3648 | D        | Reached skill level 1 in Evocations
  3665 | D        | Reached skill level 5 in Shields
  3763 | D        | Reached skill level 5 in Dodging
  4053 | D        | Reached skill level 5 in Evocations
  4262 | D        | Noticed an eleionoma
  4272 | D        | Killed an eleionoma
  4301 | D        | Reached skill level 10 in Shields
  4669 | D        | Bought the +5 robe of Night {Dark Will+ SInv} for 1620 gold
                  | pieces
  4669 | D        | Found the +5 robe of Night {Dark Will+ SInv}
  4669 | D        | Bought a wand of acid (7) for 793 gold pieces
  4669 | D        | Bought the +10 morningstar "Eos" {elec, Halo rElec} for
                  | 1998 gold pieces
  4669 | D        | Found the +10 morningstar "Eos" {elec, Halo rElec}
  4699 | D        | Bought an amulet of regeneration for 300 gold pieces
  5005 | D        | Noticed Maurice
  5018 | D        | Killed Maurice
  5046 | D        | Noticed Agnes
  5058 | D        | Killed Agnes
  5118 | D        | Noticed a stone giant
  5118 | D        | Noticed a stone giant
  5118 | D        | Noticed a frost giant
  5122 | D        | Killed a stone giant
  5124 | D        | Noticed a brown very ugly thing
  5127 | D        | Killed a stone giant
  5137 | D        | Killed a frost giant
  5138 | D        | Reached XP level 14. HP: 142/162 MP: 13/13
  5138 | D        | Noticed a vampire knight
  5146 | D        | Noticed a frost giant
  5149 | D        | Killed a brown very ugly thing
  5156 | D        | Noticed a brown very ugly thing
  5166 | D        | Reached skill level 10 in Dodging
  5173 | D        | Killed a vampire knight
  5175 | D        | Noticed a brown very ugly thing
  5186 | D        | Killed a frost giant
  5190 | D        | Killed a brown very ugly thing
  5275 | D        | Noticed a lich
  5283 | D        | Killed a lich
  5349 | D        | Noticed an ironbound preserver
  5349 | D        | Noticed a vault warden
  5349 | D        | Noticed an ironbound preserver
  5349 | D        | Noticed a vault warden
  5360 | D        | Killed a vault warden
  5367 | D        | Noticed an ironbound preserver
  5371 | D        | Killed a vault warden
  5372 | D        | Reached skill level 10 in Evocations
  5373 | D        | Killed an ironbound preserver
  5381 | D        | Killed an ironbound preserver
  5395 | D        | Killed an ironbound preserver
  5410 | D        | Noticed a deep elf blademaster
  5410 | D        | Noticed a royal mummy
  5422 | D        | Killed a deep elf blademaster
  5432 | D        | Noticed an emperor scorpion
  5432 | D        | Noticed an emperor scorpion
  5444 | D        | Killed a royal mummy
  5471 | D        | Noticed Mnoleg
  5476 | D        | Noticed a green draconian monk
  5486 | D        | Noticed a tentacled monstrosity
  5500 | D        | Gained mutation: You do not regenerate when monsters are
                  | visible. [a shining eye]
  5521 | D        | Gained mutation: You have hidden genetic defects. [a
                  | shining eye]
  5527 | D        | Gained mutation: You occasionally lose the ability to drink
                  | potions when taking damage. [a shining eye]
  5530 | D        | Gained mutation: You are frail. (-10% HP) [a shining eye]
  5532 | D        | Gained mutation: Your health recovers twice as slowly from
                  | being drained. [a shining eye]
  5536 | D        | Killed Mnoleg
  5537 | D        | Reached skill level 27 in Fighting
  5537 | D        | Reached skill level 15 in Shields
  5546 | D        | HP: 1/151 [green draconian monk (25)]
  5546 | D        | Slain by a green draconian monk

Illustrated notes

Levels and vault maps discovered:
D:        linesprint [early_d, line_temple, items_1, d_10, items_2, lair_1,
          lair_end, items_3, orc_1, orc_end, items_4, d_15, swamp_1, shoals_1,
          snake_1, spider_1, d_20, vaults_1, items_5, swamp_end, shoals_end,
          snake_end, spider_end, vaults_end, d_27, items_6, zot_1, zot_end,
          crypt_end, forest_end, elf_end, slime_end, tomb_end, abyss_end,
          pan_hell_end]

Skill      XL: |  1  2  3  4  5  6  7  8  9 10 11 12 13 14 |
---------------+-------------------------------------------+-----
Polearms       | 4 6 8 13 14 17 19 22 24 27 | 27.0
Fighting       | 4 5 6 10 11 12 14 18 21 23 25 27 | 27.0
Armour         | 4 5 6 10 11 12 14 16 18 21 23 25 | 25.2
Dodging        | 9 14 | 14.0
Shields        | 11 15 | 15.7
Evocations     | 8 12 | 12.0

Action                     |  1- 3 |  4- 6 |  7- 9 | 10-12 | 13-15 || total
---------------------------+-------+-------+-------+-------+-------++-------
  Melee: Trident           |    33 |       |       |       |       ||    33
         Headbutt          |     4 |     1 |    16 |    77 |    76 ||   174
         Halberd           |       |    10 |    53 |   227 |       ||   290
         Bardiche          |       |       |       |    55 |   357 ||   412
         Demon trident     |       |       |       |    12 |       ||    12
 Invoke: Call Merchant     |       |       |       |     5 |       ||     5
    Use: Potion            |     1 |     4 |     2 |     6 |     8 ||    21
         Scroll            |       |       |       |     4 |       ||     4
   Stab: Distracted        |       |       |     1 |     3 |     1 ||     5
 Armour: Scale mail        |    14 |       |     3 |    90 |       ||   107
         Ring mail         |       |     6 |    21 |       |       ||    27
         Plate armour      |       |       |       |   104 |   299 ||   403
  Dodge: Dodged            |    10 |     4 |    14 |    53 |   114 ||   195
  Block: Buckler           |     4 |       |       |       |       ||     4
